Workbook

Sheet Setup
A1: Item | B1: Value
A2: Wedding date | B2: =DATE(2027,6,12) -> 46550
A3: Today (replace with =TODAY()) | B3: =DATE(2026,10,18) -> 46313
A4: Guest count | B4: 120
A5: Total budget | B5: =45000 -> 45000
A6: Estimated total | B6: =SUM(Budget!F2:F200) -> 44450
A7: Contracted or estimated total | B7: =SUM(Budget!M2:M200) -> 44960
A8: Paid so far | B8: =SUM(Budget!I2:I200) -> 8545
A9: Still owed | B9: =B7-B8 -> 36415
A10: Left in budget | B10: =B5-B7 -> 40
A11: Budget per guest | B11: =IF(B4=0,0,B5/B4) -> 375
A12: Cost per guest | B12: =IF(B4=0,0,B7/B4) -> 374.66667
A13: Payments overdue | B13: =COUNTIF(Payments!F2:F200,"Overdue") -> 1
A14: Due within 30 days or overdue | B14: =SUMIFS(Payments!D2:D200,Payments!F2:F200,"Due soon")+SUMIFS(Payments!D2:D200,Payments!F2:F200,"Overdue") -> 1675
A15: Days until the wedding | B15: =B2-B3 -> 237

Sheet Budget
A1: Category | B1: Item | C1: Vendor | D1: Per guest | E1: Price | F1: Estimated | G1: Actual | H1: Paid by | I1: Paid so far | J1: Still owed | K1: Under or over | L1: Cost per guest | M1: Cost
A2: Venue | B2: Venue rental | C2: Willow Creek Barn | D2: FALSE | E2: 9800 | F2: =IF(D2=TRUE,E2*Setup!$B$4,E2) -> 9800 | G2: 9800 | H2: Couple | I2: =SUMIFS(Payments!D:D,Payments!B:B,B2,Payments!E:E,TRUE) -> 3000 | J2: =M2-I2 -> 6800 | K2: =IF(ISNUMBER(G2),F2-G2,"") -> 0 | L2: =IF(Setup!$B$4=0,0,M2/Setup!$B$4) -> 81.666667 | M2: =IF(ISNUMBER(G2),G2,F2) -> 9800
A3: Catering | B3: Dinner | C3: Harvest Table Catering | D3: TRUE | E3: 68 | F3: =IF(D3=TRUE,E3*Setup!$B$4,E3) -> 8160 | G3: 8400 | H3: Maya's parents | I3: =SUMIFS(Payments!D:D,Payments!B:B,B3,Payments!E:E,TRUE) -> 1500 | J3: =M3-I3 -> 6900 | K3: =IF(ISNUMBER(G3),F3-G3,"") -> -240 | L3: =IF(Setup!$B$4=0,0,M3/Setup!$B$4) -> 70 | M3: =IF(ISNUMBER(G3),G3,F3) -> 8400
A4: Catering | B4: Bar package | C4: Harvest Table Catering | D4: TRUE | E4: 28 | F4: =IF(D4=TRUE,E4*Setup!$B$4,E4) -> 3360 | H4: Daniel's parents | I4: =SUMIFS(Payments!D:D,Payments!B:B,B4,Payments!E:E,TRUE) -> 0 | J4: =M4-I4 -> 3360 | K4: =IF(ISNUMBER(G4),F4-G4,"") | L4: =IF(Setup!$B$4=0,0,M4/Setup!$B$4) -> 28 | M4: =IF(ISNUMBER(G4),G4,F4) -> 3360
A5: Catering | B5: Service charge and tips | C5: Harvest Table Catering | D5: FALSE | E5: 1800 | F5: =IF(D5=TRUE,E5*Setup!$B$4,E5) -> 1800 | H5: Couple | I5: =SUMIFS(Payments!D:D,Payments!B:B,B5,Payments!E:E,TRUE) -> 0 | J5: =M5-I5 -> 1800 | K5: =IF(ISNUMBER(G5),F5-G5,"") | L5: =IF(Setup!$B$4=0,0,M5/Setup!$B$4) -> 15 | M5: =IF(ISNUMBER(G5),G5,F5) -> 1800
A6: Photo and video | B6: Photographer | C6: Lena Ford Photo | D6: FALSE | E6: 3200 | F6: =IF(D6=TRUE,E6*Setup!$B$4,E6) -> 3200 | G6: 3400 | H6: Couple | I6: =SUMIFS(Payments!D:D,Payments!B:B,B6,Payments!E:E,TRUE) -> 1000 | J6: =M6-I6 -> 2400 | K6: =IF(ISNUMBER(G6),F6-G6,"") -> -200 | L6: =IF(Setup!$B$4=0,0,M6/Setup!$B$4) -> 28.333333 | M6: =IF(ISNUMBER(G6),G6,F6) -> 3400
A7: Photo and video | B7: Videographer | D7: FALSE | E7: 2200 | F7: =IF(D7=TRUE,E7*Setup!$B$4,E7) -> 2200 | H7: Couple | I7: =SUMIFS(Payments!D:D,Payments!B:B,B7,Payments!E:E,TRUE) -> 0 | J7: =M7-I7 -> 2200 | K7: =IF(ISNUMBER(G7),F7-G7,"") | L7: =IF(Setup!$B$4=0,0,M7/Setup!$B$4) -> 18.333333 | M7: =IF(ISNUMBER(G7),G7,F7) -> 2200
A8: Music | B8: DJ | C8: Spin City DJs | D8: FALSE | E8: 1500 | F8: =IF(D8=TRUE,E8*Setup!$B$4,E8) -> 1500 | G8: 1450 | H8: Couple | I8: =SUMIFS(Payments!D:D,Payments!B:B,B8,Payments!E:E,TRUE) -> 500 | J8: =M8-I8 -> 950 | K8: =IF(ISNUMBER(G8),F8-G8,"") -> 50 | L8: =IF(Setup!$B$4=0,0,M8/Setup!$B$4) -> 12.083333 | M8: =IF(ISNUMBER(G8),G8,F8) -> 1450
A9: Flowers | B9: Florist | C9: Petal and Stem | D9: FALSE | E9: 2400 | F9: =IF(D9=TRUE,E9*Setup!$B$4,E9) -> 2400 | G9: 2650 | H9: Maya's parents | I9: =SUMIFS(Payments!D:D,Payments!B:B,B9,Payments!E:E,TRUE) -> 0 | J9: =M9-I9 -> 2650 | K9: =IF(ISNUMBER(G9),F9-G9,"") -> -250 | L9: =IF(Setup!$B$4=0,0,M9/Setup!$B$4) -> 22.083333 | M9: =IF(ISNUMBER(G9),G9,F9) -> 2650
A10: Attire | B10: Wedding dress | C10: Bella Bridal | D10: FALSE | E10: 1800 | F10: =IF(D10=TRUE,E10*Setup!$B$4,E10) -> 1800 | G10: 1650 | H10: Maya's parents | I10: =SUMIFS(Payments!D:D,Payments!B:B,B10,Payments!E:E,TRUE) -> 825 | J10: =M10-I10 -> 825 | K10: =IF(ISNUMBER(G10),F10-G10,"") -> 150 | L10: =IF(Setup!$B$4=0,0,M10/Setup!$B$4) -> 13.75 | M10: =IF(ISNUMBER(G10),G10,F10) -> 1650
A11: Attire | B11: Alterations | C11: Bella Bridal | D11: FALSE | E11: 300 | F11: =IF(D11=TRUE,E11*Setup!$B$4,E11) -> 300 | H11: Maya's parents | I11: =SUMIFS(Payments!D:D,Payments!B:B,B11,Payments!E:E,TRUE) -> 0 | J11: =M11-I11 -> 300 | K11: =IF(ISNUMBER(G11),F11-G11,"") | L11: =IF(Setup!$B$4=0,0,M11/Setup!$B$4) -> 2.5 | M11: =IF(ISNUMBER(G11),G11,F11) -> 300
A12: Attire | B12: Suit | C12: Hudson Tailors | D12: FALSE | E12: 600 | F12: =IF(D12=TRUE,E12*Setup!$B$4,E12) -> 600 | G12: 540 | H12: Couple | I12: =SUMIFS(Payments!D:D,Payments!B:B,B12,Payments!E:E,TRUE) -> 0 | J12: =M12-I12 -> 540 | K12: =IF(ISNUMBER(G12),F12-G12,"") -> 60 | L12: =IF(Setup!$B$4=0,0,M12/Setup!$B$4) -> 4.5 | M12: =IF(ISNUMBER(G12),G12,F12) -> 540
A13: Beauty | B13: Hair and makeup | C13: Glow Studio | D13: FALSE | E13: 650 | F13: =IF(D13=TRUE,E13*Setup!$B$4,E13) -> 650 | G13: 700 | H13: Couple | I13: =SUMIFS(Payments!D:D,Payments!B:B,B13,Payments!E:E,TRUE) -> 0 | J13: =M13-I13 -> 700 | K13: =IF(ISNUMBER(G13),F13-G13,"") -> -50 | L13: =IF(Setup!$B$4=0,0,M13/Setup!$B$4) -> 5.8333333 | M13: =IF(ISNUMBER(G13),G13,F13) -> 700
A14: Cake | B14: Cake | C14: Sweet Rise Bakery | D14: TRUE | E14: 6 | F14: =IF(D14=TRUE,E14*Setup!$B$4,E14) -> 720 | G14: 690 | H14: Couple | I14: =SUMIFS(Payments!D:D,Payments!B:B,B14,Payments!E:E,TRUE) -> 0 | J14: =M14-I14 -> 690 | K14: =IF(ISNUMBER(G14),F14-G14,"") -> 30 | L14: =IF(Setup!$B$4=0,0,M14/Setup!$B$4) -> 5.75 | M14: =IF(ISNUMBER(G14),G14,F14) -> 690
A15: Stationery | B15: Invitations and save the dates | C15: Paper Lane | D15: FALSE | E15: 450 | F15: =IF(D15=TRUE,E15*Setup!$B$4,E15) -> 450 | H15: Couple | I15: =SUMIFS(Payments!D:D,Payments!B:B,B15,Payments!E:E,TRUE) -> 0 | J15: =M15-I15 -> 450 | K15: =IF(ISNUMBER(G15),F15-G15,"") | L15: =IF(Setup!$B$4=0,0,M15/Setup!$B$4) -> 3.75 | M15: =IF(ISNUMBER(G15),G15,F15) -> 450
A16: Rentals | B16: Tables, chairs and linens | C16: Party Rental Co. | D16: TRUE | E16: 12 | F16: =IF(D16=TRUE,E16*Setup!$B$4,E16) -> 1440 | G16: 1380 | H16: Couple | I16: =SUMIFS(Payments!D:D,Payments!B:B,B16,Payments!E:E,TRUE) -> 0 | J16: =M16-I16 -> 1380 | K16: =IF(ISNUMBER(G16),F16-G16,"") -> 60 | L16: =IF(Setup!$B$4=0,0,M16/Setup!$B$4) -> 11.5 | M16: =IF(ISNUMBER(G16),G16,F16) -> 1380
A17: Ceremony | B17: Officiant | C17: Rev. Tom Ellis | D17: FALSE | E17: 400 | F17: =IF(D17=TRUE,E17*Setup!$B$4,E17) -> 400 | G17: 400 | H17: Couple | I17: =SUMIFS(Payments!D:D,Payments!B:B,B17,Payments!E:E,TRUE) -> 0 | J17: =M17-I17 -> 400 | K17: =IF(ISNUMBER(G17),F17-G17,"") -> 0 | L17: =IF(Setup!$B$4=0,0,M17/Setup!$B$4) -> 3.3333333 | M17: =IF(ISNUMBER(G17),G17,F17) -> 400
A18: Ceremony | B18: Marriage license | C18: County clerk | D18: FALSE | E18: 60 | F18: =IF(D18=TRUE,E18*Setup!$B$4,E18) -> 60 | G18: 60 | H18: Couple | I18: =SUMIFS(Payments!D:D,Payments!B:B,B18,Payments!E:E,TRUE) -> 0 | J18: =M18-I18 -> 60 | K18: =IF(ISNUMBER(G18),F18-G18,"") -> 0 | L18: =IF(Setup!$B$4=0,0,M18/Setup!$B$4) -> 0.5 | M18: =IF(ISNUMBER(G18),G18,F18) -> 60
A19: Rings | B19: Wedding rings | C19: Main Street Jewelers | D19: FALSE | E19: 1600 | F19: =IF(D19=TRUE,E19*Setup!$B$4,E19) -> 1600 | G19: 1720 | H19: Couple | I19: =SUMIFS(Payments!D:D,Payments!B:B,B19,Payments!E:E,TRUE) -> 1720 | J19: =M19-I19 -> 0 | K19: =IF(ISNUMBER(G19),F19-G19,"") -> -120 | L19: =IF(Setup!$B$4=0,0,M19/Setup!$B$4) -> 14.333333 | M19: =IF(ISNUMBER(G19),G19,F19) -> 1720
A20: Extras | B20: Favors | C20: Etsy | D20: TRUE | E20: 3 | F20: =IF(D20=TRUE,E20*Setup!$B$4,E20) -> 360 | H20: Couple | I20: =SUMIFS(Payments!D:D,Payments!B:B,B20,Payments!E:E,TRUE) -> 0 | J20: =M20-I20 -> 360 | K20: =IF(ISNUMBER(G20),F20-G20,"") | L20: =IF(Setup!$B$4=0,0,M20/Setup!$B$4) -> 3 | M20: =IF(ISNUMBER(G20),G20,F20) -> 360
A21: Extras | B21: Guest shuttle | C21: Valley Shuttle | D21: FALSE | E21: 650 | F21: =IF(D21=TRUE,E21*Setup!$B$4,E21) -> 650 | H21: Daniel's parents | I21: =SUMIFS(Payments!D:D,Payments!B:B,B21,Payments!E:E,TRUE) -> 0 | J21: =M21-I21 -> 650 | K21: =IF(ISNUMBER(G21),F21-G21,"") | L21: =IF(Setup!$B$4=0,0,M21/Setup!$B$4) -> 5.4166667 | M21: =IF(ISNUMBER(G21),G21,F21) -> 650
A22: Extras | B22: Rehearsal dinner | C22: Luca's Trattoria | D22: FALSE | E22: 1500 | F22: =IF(D22=TRUE,E22*Setup!$B$4,E22) -> 1500 | H22: Daniel's parents | I22: =SUMIFS(Payments!D:D,Payments!B:B,B22,Payments!E:E,TRUE) -> 0 | J22: =M22-I22 -> 1500 | K22: =IF(ISNUMBER(G22),F22-G22,"") | L22: =IF(Setup!$B$4=0,0,M22/Setup!$B$4) -> 12.5 | M22: =IF(ISNUMBER(G22),G22,F22) -> 1500
A23: Other | B23: Buffer for surprises | D23: FALSE | E23: 1500 | F23: =IF(D23=TRUE,E23*Setup!$B$4,E23) -> 1500 | H23: Couple | I23: =SUMIFS(Payments!D:D,Payments!B:B,B23,Payments!E:E,TRUE) -> 0 | J23: =M23-I23 -> 1500 | K23: =IF(ISNUMBER(G23),F23-G23,"") | L23: =IF(Setup!$B$4=0,0,M23/Setup!$B$4) -> 12.5 | M23: =IF(ISNUMBER(G23),G23,F23) -> 1500

Sheet Payments
A1: Due date | B1: Item | C1: Payment | D1: Amount | E1: Paid | F1: Status | G1: In budget | H1: Notes
A2: 46218 | B2: Venue rental | C2: Deposit | D2: 3000 | E2: TRUE | F2: =IF(ISBLANK(A2),"",IF(E2=TRUE,"Paid",IF(A2<Setup!$B$3,"Overdue",IF(A2-Setup!$B$3<=30,"Due soon","Upcoming")))) -> Paid | G2: =IF(COUNTIF(Budget!B2:B200,B2)>0,"Yes","Check item name") -> Yes
A3: 46244 | B3: Photographer | C3: Retainer | D3: 1000 | E3: TRUE | F3: =IF(ISBLANK(A3),"",IF(E3=TRUE,"Paid",IF(A3<Setup!$B$3,"Overdue",IF(A3-Setup!$B$3<=30,"Due soon","Upcoming")))) -> Paid | G3: =IF(COUNTIF(Budget!B2:B200,B3)>0,"Yes","Check item name") -> Yes
A4: 46266 | B4: Dinner | C4: Deposit | D4: 1500 | E4: TRUE | F4: =IF(ISBLANK(A4),"",IF(E4=TRUE,"Paid",IF(A4<Setup!$B$3,"Overdue",IF(A4-Setup!$B$3<=30,"Due soon","Upcoming")))) -> Paid | G4: =IF(COUNTIF(Budget!B2:B200,B4)>0,"Yes","Check item name") -> Yes
A5: 46285 | B5: Wedding dress | C5: Deposit | D5: 825 | E5: TRUE | F5: =IF(ISBLANK(A5),"",IF(E5=TRUE,"Paid",IF(A5<Setup!$B$3,"Overdue",IF(A5-Setup!$B$3<=30,"Due soon","Upcoming")))) -> Paid | G5: =IF(COUNTIF(Budget!B2:B200,B5)>0,"Yes","Check item name") -> Yes
A6: 46296 | B6: DJ | C6: Deposit | D6: 500 | E6: TRUE | F6: =IF(ISBLANK(A6),"",IF(E6=TRUE,"Paid",IF(A6<Setup!$B$3,"Overdue",IF(A6-Setup!$B$3<=30,"Due soon","Upcoming")))) -> Paid | G6: =IF(COUNTIF(Budget!B2:B200,B6)>0,"Yes","Check item name") -> Yes
A7: 46300 | B7: Wedding rings | C7: Paid in full | D7: 1720 | E7: TRUE | F7: =IF(ISBLANK(A7),"",IF(E7=TRUE,"Paid",IF(A7<Setup!$B$3,"Overdue",IF(A7-Setup!$B$3<=30,"Due soon","Upcoming")))) -> Paid | G7: =IF(COUNTIF(Budget!B2:B200,B7)>0,"Yes","Check item name") -> Yes
A8: 46305 | B8: Hair and makeup | C8: Deposit | D8: 200 | E8: FALSE | F8: =IF(ISBLANK(A8),"",IF(E8=TRUE,"Paid",IF(A8<Setup!$B$3,"Overdue",IF(A8-Setup!$B$3<=30,"Due soon","Upcoming")))) -> Overdue | G8: =IF(COUNTIF(Budget!B2:B200,B8)>0,"Yes","Check item name") -> Yes | H8: Venmo to Glow Studio
A9: 46320 | B9: Florist | C9: Deposit | D9: 650 | E9: FALSE | F9: =IF(ISBLANK(A9),"",IF(E9=TRUE,"Paid",IF(A9<Setup!$B$3,"Overdue",IF(A9-Setup!$B$3<=30,"Due soon","Upcoming")))) -> Due soon | G9: =IF(COUNTIF(Budget!B2:B200,B9)>0,"Yes","Check item name") -> Yes
A10: 46341 | B10: Wedding dress | C10: Balance | D10: 825 | E10: FALSE | F10: =IF(ISBLANK(A10),"",IF(E10=TRUE,"Paid",IF(A10<Setup!$B$3,"Overdue",IF(A10-Setup!$B$3<=30,"Due soon","Upcoming")))) -> Due soon | G10: =IF(COUNTIF(Budget!B2:B200,B10)>0,"Yes","Check item name") -> Yes | H10: Due at first fitting
A11: 46371 | B11: Venue rental | C11: Second payment | D11: 3400 | E11: FALSE | F11: =IF(ISBLANK(A11),"",IF(E11=TRUE,"Paid",IF(A11<Setup!$B$3,"Overdue",IF(A11-Setup!$B$3<=30,"Due soon","Upcoming")))) -> Upcoming | G11: =IF(COUNTIF(Budget!B2:B200,B11)>0,"Yes","Check item name") -> Yes
A12: 46402 | B12: Cake | C12: Deposit | D12: 200 | E12: FALSE | F12: =IF(ISBLANK(A12),"",IF(E12=TRUE,"Paid",IF(A12<Setup!$B$3,"Overdue",IF(A12-Setup!$B$3<=30,"Due soon","Upcoming")))) -> Upcoming | G12: =IF(COUNTIF(Budget!B2:B200,B12)>0,"Yes","Check item name") -> Yes
A13: 46419 | B13: Tables, chairs and linens | C13: Deposit | D13: 400 | E13: FALSE | F13: =IF(ISBLANK(A13),"",IF(E13=TRUE,"Paid",IF(A13<Setup!$B$3,"Overdue",IF(A13-Setup!$B$3<=30,"Due soon","Upcoming")))) -> Upcoming | G13: =IF(COUNTIF(Budget!B2:B200,B13)>0,"Yes","Check item name") -> Yes
A14: 46478 | B14: Suit | C14: Paid in full | D14: 540 | E14: FALSE | F14: =IF(ISBLANK(A14),"",IF(E14=TRUE,"Paid",IF(A14<Setup!$B$3,"Overdue",IF(A14-Setup!$B$3<=30,"Due soon","Upcoming")))) -> Upcoming | G14: =IF(COUNTIF(Budget!B2:B200,B14)>0,"Yes","Check item name") -> Yes
A15: 46519 | B15: Venue rental | C15: Final payment | D15: 3400 | E15: FALSE | F15: =IF(ISBLANK(A15),"",IF(E15=TRUE,"Paid",IF(A15<Setup!$B$3,"Overdue",IF(A15-Setup!$B$3<=30,"Due soon","Upcoming")))) -> Upcoming | G15: =IF(COUNTIF(Budget!B2:B200,B15)>0,"Yes","Check item name") -> Yes
A16: 46527 | B16: Marriage license | C16: Fee | D16: 60 | E16: FALSE | F16: =IF(ISBLANK(A16),"",IF(E16=TRUE,"Paid",IF(A16<Setup!$B$3,"Overdue",IF(A16-Setup!$B$3<=30,"Due soon","Upcoming")))) -> Upcoming | G16: =IF(COUNTIF(Budget!B2:B200,B16)>0,"Yes","Check item name") -> Yes | H16: Check your county's timing
A17: 46536 | B17: Dinner | C17: Final payment | D17: 6900 | E17: FALSE | F17: =IF(ISBLANK(A17),"",IF(E17=TRUE,"Paid",IF(A17<Setup!$B$3,"Overdue",IF(A17-Setup!$B$3<=30,"Due soon","Upcoming")))) -> Upcoming | G17: =IF(COUNTIF(Budget!B2:B200,B17)>0,"Yes","Check item name") -> Yes | H17: Final headcount due same day
A18: 46536 | B18: Photographer | C18: Balance | D18: 2400 | E18: FALSE | F18: =IF(ISBLANK(A18),"",IF(E18=TRUE,"Paid",IF(A18<Setup!$B$3,"Overdue",IF(A18-Setup!$B$3<=30,"Due soon","Upcoming")))) -> Upcoming | G18: =IF(COUNTIF(Budget!B2:B200,B18)>0,"Yes","Check item name") -> Yes
A19: 46536 | B19: Florist | C19: Balance | D19: 2000 | E19: FALSE | F19: =IF(ISBLANK(A19),"",IF(E19=TRUE,"Paid",IF(A19<Setup!$B$3,"Overdue",IF(A19-Setup!$B$3<=30,"Due soon","Upcoming")))) -> Upcoming | G19: =IF(COUNTIF(Budget!B2:B200,B19)>0,"Yes","Check item name") -> Yes
A20: 46539 | B20: DJ | C20: Balance | D20: 950 | E20: FALSE | F20: =IF(ISBLANK(A20),"",IF(E20=TRUE,"Paid",IF(A20<Setup!$B$3,"Overdue",IF(A20-Setup!$B$3<=30,"Due soon","Upcoming")))) -> Upcoming | G20: =IF(COUNTIF(Budget!B2:B200,B20)>0,"Yes","Check item name") -> Yes
A21: 46539 | B21: Officiant | C21: Paid in full | D21: 400 | E21: FALSE | F21: =IF(ISBLANK(A21),"",IF(E21=TRUE,"Paid",IF(A21<Setup!$B$3,"Overdue",IF(A21-Setup!$B$3<=30,"Due soon","Upcoming")))) -> Upcoming | G21: =IF(COUNTIF(Budget!B2:B200,B21)>0,"Yes","Check item name") -> Yes

Sheet By Category
A1: Category | B1: Estimated | C1: Actual or estimate | D1: Paid so far | E1: Still owed | F1: Share of budget | G1: Per guest
A2: Venue | B2: =SUMIFS(Budget!F2:F200,Budget!A2:A200,A2) -> 9800 | C2: =SUMIFS(Budget!M2:M200,Budget!A2:A200,A2) -> 9800 | D2: =SUMIFS(Budget!I2:I200,Budget!A2:A200,A2) -> 3000 | E2: =SUMIFS(Budget!J2:J200,Budget!A2:A200,A2) -> 6800 | F2: =IF(Setup!$B$5=0,0,C2/Setup!$B$5) -> 0.21777778 | G2: =IF(Setup!$B$4=0,0,C2/Setup!$B$4) -> 81.666667
A3: Catering | B3: =SUMIFS(Budget!F2:F200,Budget!A2:A200,A3) -> 13320 | C3: =SUMIFS(Budget!M2:M200,Budget!A2:A200,A3) -> 13560 | D3: =SUMIFS(Budget!I2:I200,Budget!A2:A200,A3) -> 1500 | E3: =SUMIFS(Budget!J2:J200,Budget!A2:A200,A3) -> 12060 | F3: =IF(Setup!$B$5=0,0,C3/Setup!$B$5) -> 0.30133333 | G3: =IF(Setup!$B$4=0,0,C3/Setup!$B$4) -> 113
A4: Photo and video | B4: =SUMIFS(Budget!F2:F200,Budget!A2:A200,A4) -> 5400 | C4: =SUMIFS(Budget!M2:M200,Budget!A2:A200,A4) -> 5600 | D4: =SUMIFS(Budget!I2:I200,Budget!A2:A200,A4) -> 1000 | E4: =SUMIFS(Budget!J2:J200,Budget!A2:A200,A4) -> 4600 | F4: =IF(Setup!$B$5=0,0,C4/Setup!$B$5) -> 0.12444444 | G4: =IF(Setup!$B$4=0,0,C4/Setup!$B$4) -> 46.666667
A5: Music | B5: =SUMIFS(Budget!F2:F200,Budget!A2:A200,A5) -> 1500 | C5: =SUMIFS(Budget!M2:M200,Budget!A2:A200,A5) -> 1450 | D5: =SUMIFS(Budget!I2:I200,Budget!A2:A200,A5) -> 500 | E5: =SUMIFS(Budget!J2:J200,Budget!A2:A200,A5) -> 950 | F5: =IF(Setup!$B$5=0,0,C5/Setup!$B$5) -> 0.032222222 | G5: =IF(Setup!$B$4=0,0,C5/Setup!$B$4) -> 12.083333
A6: Flowers | B6: =SUMIFS(Budget!F2:F200,Budget!A2:A200,A6) -> 2400 | C6: =SUMIFS(Budget!M2:M200,Budget!A2:A200,A6) -> 2650 | D6: =SUMIFS(Budget!I2:I200,Budget!A2:A200,A6) -> 0 | E6: =SUMIFS(Budget!J2:J200,Budget!A2:A200,A6) -> 2650 | F6: =IF(Setup!$B$5=0,0,C6/Setup!$B$5) -> 0.058888889 | G6: =IF(Setup!$B$4=0,0,C6/Setup!$B$4) -> 22.083333
A7: Attire | B7: =SUMIFS(Budget!F2:F200,Budget!A2:A200,A7) -> 2700 | C7: =SUMIFS(Budget!M2:M200,Budget!A2:A200,A7) -> 2490 | D7: =SUMIFS(Budget!I2:I200,Budget!A2:A200,A7) -> 825 | E7: =SUMIFS(Budget!J2:J200,Budget!A2:A200,A7) -> 1665 | F7: =IF(Setup!$B$5=0,0,C7/Setup!$B$5) -> 0.055333333 | G7: =IF(Setup!$B$4=0,0,C7/Setup!$B$4) -> 20.75
A8: Beauty | B8: =SUMIFS(Budget!F2:F200,Budget!A2:A200,A8) -> 650 | C8: =SUMIFS(Budget!M2:M200,Budget!A2:A200,A8) -> 700 | D8: =SUMIFS(Budget!I2:I200,Budget!A2:A200,A8) -> 0 | E8: =SUMIFS(Budget!J2:J200,Budget!A2:A200,A8) -> 700 | F8: =IF(Setup!$B$5=0,0,C8/Setup!$B$5) -> 0.015555556 | G8: =IF(Setup!$B$4=0,0,C8/Setup!$B$4) -> 5.8333333
A9: Cake | B9: =SUMIFS(Budget!F2:F200,Budget!A2:A200,A9) -> 720 | C9: =SUMIFS(Budget!M2:M200,Budget!A2:A200,A9) -> 690 | D9: =SUMIFS(Budget!I2:I200,Budget!A2:A200,A9) -> 0 | E9: =SUMIFS(Budget!J2:J200,Budget!A2:A200,A9) -> 690 | F9: =IF(Setup!$B$5=0,0,C9/Setup!$B$5) -> 0.015333333 | G9: =IF(Setup!$B$4=0,0,C9/Setup!$B$4) -> 5.75
A10: Stationery | B10: =SUMIFS(Budget!F2:F200,Budget!A2:A200,A10) -> 450 | C10: =SUMIFS(Budget!M2:M200,Budget!A2:A200,A10) -> 450 | D10: =SUMIFS(Budget!I2:I200,Budget!A2:A200,A10) -> 0 | E10: =SUMIFS(Budget!J2:J200,Budget!A2:A200,A10) -> 450 | F10: =IF(Setup!$B$5=0,0,C10/Setup!$B$5) -> 0.01 | G10: =IF(Setup!$B$4=0,0,C10/Setup!$B$4) -> 3.75
A11: Rentals | B11: =SUMIFS(Budget!F2:F200,Budget!A2:A200,A11) -> 1440 | C11: =SUMIFS(Budget!M2:M200,Budget!A2:A200,A11) -> 1380 | D11: =SUMIFS(Budget!I2:I200,Budget!A2:A200,A11) -> 0 | E11: =SUMIFS(Budget!J2:J200,Budget!A2:A200,A11) -> 1380 | F11: =IF(Setup!$B$5=0,0,C11/Setup!$B$5) -> 0.030666667 | G11: =IF(Setup!$B$4=0,0,C11/Setup!$B$4) -> 11.5
A12: Ceremony | B12: =SUMIFS(Budget!F2:F200,Budget!A2:A200,A12) -> 460 | C12: =SUMIFS(Budget!M2:M200,Budget!A2:A200,A12) -> 460 | D12: =SUMIFS(Budget!I2:I200,Budget!A2:A200,A12) -> 0 | E12: =SUMIFS(Budget!J2:J200,Budget!A2:A200,A12) -> 460 | F12: =IF(Setup!$B$5=0,0,C12/Setup!$B$5) -> 0.010222222 | G12: =IF(Setup!$B$4=0,0,C12/Setup!$B$4) -> 3.8333333
A13: Rings | B13: =SUMIFS(Budget!F2:F200,Budget!A2:A200,A13) -> 1600 | C13: =SUMIFS(Budget!M2:M200,Budget!A2:A200,A13) -> 1720 | D13: =SUMIFS(Budget!I2:I200,Budget!A2:A200,A13) -> 1720 | E13: =SUMIFS(Budget!J2:J200,Budget!A2:A200,A13) -> 0 | F13: =IF(Setup!$B$5=0,0,C13/Setup!$B$5) -> 0.038222222 | G13: =IF(Setup!$B$4=0,0,C13/Setup!$B$4) -> 14.333333
A14: Extras | B14: =SUMIFS(Budget!F2:F200,Budget!A2:A200,A14) -> 2510 | C14: =SUMIFS(Budget!M2:M200,Budget!A2:A200,A14) -> 2510 | D14: =SUMIFS(Budget!I2:I200,Budget!A2:A200,A14) -> 0 | E14: =SUMIFS(Budget!J2:J200,Budget!A2:A200,A14) -> 2510 | F14: =IF(Setup!$B$5=0,0,C14/Setup!$B$5) -> 0.055777778 | G14: =IF(Setup!$B$4=0,0,C14/Setup!$B$4) -> 20.916667
A15: Other | B15: =SUMIFS(Budget!F2:F200,Budget!A2:A200,A15) -> 1500 | C15: =SUMIFS(Budget!M2:M200,Budget!A2:A200,A15) -> 1500 | D15: =SUMIFS(Budget!I2:I200,Budget!A2:A200,A15) -> 0 | E15: =SUMIFS(Budget!J2:J200,Budget!A2:A200,A15) -> 1500 | F15: =IF(Setup!$B$5=0,0,C15/Setup!$B$5) -> 0.033333333 | G15: =IF(Setup!$B$4=0,0,C15/Setup!$B$4) -> 12.5
A16: Total | B16: =SUM(B2:B15) -> 44450 | C16: =SUM(C2:C15) -> 44960 | D16: =SUM(D2:D15) -> 8545 | E16: =SUM(E2:E15) -> 36415 | F16: =IF(Setup!$B$5=0,0,C16/Setup!$B$5) -> 0.99911111 | G16: =IF(Setup!$B$4=0,0,C16/Setup!$B$4) -> 374.66667

Sheet Who's Paying
A1: Who | B1: Pledged | C1: Costs assigned | D1: Paid so far | E1: Still owed | F1: Pledge left
A2: Couple | B2: 26000 | C2: =SUMIFS(Budget!M2:M200,Budget!H2:H200,A2) -> 26450 | D2: =SUMIFS(Budget!I2:I200,Budget!H2:H200,A2) -> 6220 | E2: =C2-D2 -> 20230 | F2: =B2-C2 -> -450
A3: Maya's parents | B3: 13500 | C3: =SUMIFS(Budget!M2:M200,Budget!H2:H200,A3) -> 13000 | D3: =SUMIFS(Budget!I2:I200,Budget!H2:H200,A3) -> 2325 | E3: =C3-D3 -> 10675 | F3: =B3-C3 -> 500
A4: Daniel's parents | B4: 5500 | C4: =SUMIFS(Budget!M2:M200,Budget!H2:H200,A4) -> 5510 | D4: =SUMIFS(Budget!I2:I200,Budget!H2:H200,A4) -> 0 | E4: =C4-D4 -> 5510 | F4: =B4-C4 -> -10
A5: Total | B5: =SUM(B2:B4) -> 45000 | C5: =SUM(C2:C4) -> 44960 | D5: =SUM(D2:D4) -> 8545 | E5: =SUM(E2:E4) -> 36415 | F5: =SUM(F2:F4) -> 40
